 Dungeon Crawl Stone Soup version 0.24-a0-278-gefa1973 (webtiles) character file.

Game seed: 14545583320959892080

55 mhoghedin the Stinger (level 3, -2/19 HPs)
             Began as a Tengu Venom Mage on Apr 30, 2019.
             Slain by an orc
             ... wielding a +1 whip of flaming
              (3 damage)
             ... on level 3 of the Dungeon.
             The game lasted 00:03:29 (1905 turns).

mhoghedin the Stinger (Tengu Venom Mage)            Turns: 1905, Time: 00:03:30

Health: -2/19      AC:  2    Str: 10    XL:     3   Next: 93%
Magic:  8/8        EV: 12    Int: 16    God:
Gold:   124        SH:  0    Dex: 14    Spells: 1/7 levels left

rFire    . . .     SeeInvis +   j - +0 short sword (drain)
rCold    . . .     Gourm    .   (no shield)
rNeg     . . .     Faith    .   a - +0 robe
rPois    .         Spirit   .   (helmet restricted)
rElec    .         Reflect  .   (no cloak)
rCorr    .         Harm     .   (no gloves)
MR       .....                  (boots unavailable)
Stlth    ++........             n - amulet of the acrobat
HPRegen  0.06/turn              g - +2 ring of strength
MPRegen  0.11/turn              m - ring of see invisible {sInv, !d}

@: no status effects
A: beak, talons 3
a: no special abilities


You were on level 3 of the Dungeon.
You were not hungry.

You visited 1 branch of the dungeon, and saw 3 of its levels.

You collected 124 gold pieces.

Inventory:

Hand Weapons
 j - a +0 short sword of draining (weapon)
   (You found it on level 1 of the Dungeon)
Missiles
 l - 2 curare-tipped needles
Armour
 a - a +0 robe (worn)
Jewellery
 g - a +2 ring of strength (left hand)
   (You found it on level 2 of the Dungeon)
 m - a ring of see invisible (right hand) {sInv, !d}
   (You found it on level 2 of the Dungeon)
 n - an amulet of the acrobat (around neck)
   (You found it on level 3 of the Dungeon)
Wands
 o - a wand of disintegration (17)
   (You found it on level 3 of the Dungeon)
Scrolls
 b - a scroll of enchant weapon {unknown}
 d - 2 scrolls of remove curse {unknown}
 e - 3 scrolls of teleportation {unknown}
 f - 3 scrolls of enchant armour {unknown}
 h - 3 scrolls of identify {unknown}
 k - a scroll of blinking {unknown}
Potions
 i - a potion of might
 p - a potion of mutation {unknown}
Comestibles
 c - 2 rations


   Skills:
 - Level 2.1 Dodging
 - Level 2.0 Stealth
 + Level 2.7 Spellcasting
 + Level 3.0 Conjurations
 + Level 3.6 Poison Magic


You had one spell level left.
You knew the following spells:

 Your Spells              Type           Power        Failure   Level  Hunger
a - Sting                 Conj/Pois      ##..         4%          1    #......
b - Poisonous Vapours     Pois/Air       #.....       14%         2    ##.....
x - Mephitic Cloud        Conj/Pois/Air  #.......     24%         3    ###....

Your spell library contained the following spells:

 Spells                   Type           Power        Failure   Level  Hunger
 Olgreb's Toxic Radiance  Pois           ##......     41%         4    #####..
 Venom Bolt               Conj/Pois      ##........   80%         5    ######.


Dungeon Overview and Level Annotations

Branches:
Dungeon (3/15)

Altars:


Innate Abilities, Weirdness & Mutations

You have a beak for a mouth.
You have claws for feet.


Message History

No target in view!
You see here 13 stones.
Done exploring.
No target in view!
MP restored: 8 No target in view!
No target in view!
Done exploring.
No target in view!
No target in view!
Done exploring.
Done exploring.
No target in view!
You eat one of the 3 rations.
That ration really hit the spot!
You feel stronger.
g - a +2 ring of strength (left hand)
m - a ring of see invisible (right hand) Done exploring.
Done exploring.
(D) Dungeon
Where to? (Enter - D:2, ? - help)
There is a stone staircase leading down here.
You climb downwards.
Found 26 sling bullets.
Found a stone staircase leading down.
There is a stone staircase leading up here.
You see here 26 sling bullets.
You now have 124 gold pieces (gained 12).
n - a lumpy silver amulet You feel ready to tumble and roll out of harm's way.
n - an amulet of the acrobat (around neck)
A frilled lizard comes into view.
A frilled lizard is nearby!
The frilled lizard hisses angrily.
The frilled lizard completely misses you.
You hit the frilled lizard.
You kill the frilled lizard!
No target in view!
No target in view!
No target in view!
No target in view!
No target in view!
No target in view!
No target in view!
No target in view!
No target in view!
o - a wand of disintegration (17);
p - a lumpy brown potion
There is a stone staircase leading up here.
An orc comes into view. It is wielding a +0 mace.
Found an escape hatch in the ceiling.
An orc comes into view.
It is wielding a +1 whip of flaming. 2 orcs come into view.
The orc shouts!
The orc shouts! x3
A giant cockroach comes into view.
The orc closely misses you.
You hit the orc but do no damage. You drain the orc. You claw the orc.
Your peck misses the orc. The orc hits you with a +0 mace.
You closely miss the orc. You claw the orc.
You kill the orc!
Your Conjurations skill increases to level 3!
The orc closely misses you.
You take 5 damage, and have 14/19 hp.
MASSIVE DAMAGE!!
You closely miss the orc. The orc hits you but does no damage.
You closely miss the orc. You claw the orc. You peck the orc, but do no damage.
The orc closely misses you.
You hit the orc but do no damage. You drain the orc.
The orc closely misses you.
You barely miss the orc. Your kick misses the orc. The orc barely misses you.
You hit the orc but do no damage. You claw the orc, but do no damage.
Your peck misses the orc. The orc hits you.
You take 4 damage, and have 11/19 hp.
MASSIVE DAMAGE!!
You barely miss the orc. Your kick misses the orc. You peck the orc.
The orc closely misses you.
You hit the orc.
You kill the orc!
You barely miss the giant cockroach. You peck the giant cockroach.
The giant cockroach bites you.
You take 2 damage, and have 9/19 hp.
You closely miss the giant cockroach. The giant cockroach barely misses you.
The giant cockroach bites you.
You take 1 damage, and have 8/19 hp.
You barely miss the giant cockroach. You claw the giant cockroach.
You kill the giant cockroach!
The orc hits you but does no damage.
You see here a +0 ring mail.
You hit the orc but do no damage. You drain the orc. You claw the orc.
The orc hits you but does no damage.
You barely miss the orc.
The orc hits you with a +1 whip of flaming.
* * * LOW HITPOINT WARNING * * *
The orc burns you.
* * * LOW HITPOINT WARNING * * *
You take 8 damage, and have 1/19 hp.
MASSIVE DAMAGE!!
The orc closely misses you.
There is a stone staircase leading up here.
The orc hits you with a +1 whip of flaming.
You die...

.# #...).....#
. #.......$.#
.##.........#
..#...........
#.##.#####....
#.##o# ...
#.##.# ..
######.##o# .
#......@o.#
#.......#.#
#.........#
#........(#
#.........#
#.........#
#########..>#
#...# #.#.#
#.#.#####.#.#


You could see 2 orcs.

Vanquished Creatures
  2 adders (D:2)
  A worm (D:2)
  A dart slug (D:1)
  2 orcs (D:3)
  A giant cockroach (D:3)
  2 goblins (D:2)
  3 hobgoblins
  4 bats (D:1)
  4 frilled lizards
  2 kobolds (D:2)
  13 rats
35 creatures vanquished.

Notes
Turn   | Place    | Note
-------+----------+-------------------------------------------
     0 | D:1      | mhoghedin the Tengu Venom Mage began the quest for the Orb.
     0 | D:1      | Reached XP level 1. HP: 10/10 MP: 4/4
   370 | D:1      | Reached XP level 2. HP: 15/15 MP: 1/6
   459 | D:1      | Reached skill level 2 in Conjurations
   840 | D:2      | HP: 3/15 [poisoned by an adder]
   842 | D:2      | Reached XP level 3. HP: 12/19 MP: 0/7
   904 | D:2      | Learned a level 2 spell: Poisonous Vapours
   910 | D:2      | Learned a level 3 spell: Mephitic Cloud
   973 | D:2      | You fall through a shaft!
  1882 | D:3      | Reached skill level 3 in Conjurations
  1900 | D:3      | HP: 4/19 [orc/+1 whip of flaming (5)]
  1900 | D:3      | HP: 1/19 [orc/+1 whip of flaming (3)]
  1905 | D:3      | Slain by an orc

Levels and vault maps discovered:
D:1:      erik_arrival_triangle_medium, layout_rooms, minmay_rat_gold_closets
D:2:      layout_basic, first_ration
D:3:      layout_basic, grunt_temple_overflow_octagram,
          makhleb_blood_cavern_becter

Skill      XL: |  1  2  3 |
---------------+----------+-----
Conjurations   | 2 3 |  3.0
Dodging        | |  2.1
Stealth        | |  2.0
Spellcasting   | |  2.7
Poison Magic   | |  3.6

Action                   || total
-------------------------++-------
Melee: Short sword       ||    44
       Kick              ||    14
       Peck              ||     8
 Cast: Sting             ||    30
  Use: Potion            ||     3
 Stab: Sleeping          ||     5
  Eat: Chunk             ||     2
       Ration            ||     1
Armor: Robe              ||     6
Dodge: Dodged            ||    34

Table legend:
 A = Non-vault XP
 B = Vault XP
 C = Vault XP percentage of total XP
 D = Non-vault monster count
 E = Vault monster count
 F = Vault count percentage of total count
                 A         B        C        D         E       F
            +---------+---------+-------+---------+---------+-------
      Total |      72 |       7 |   8.9 |      28 |       7 |  20.0
            +---------+---------+-------+---------+---------+-------
        D:1 |      16 |       7 |  30.4 |       9 |       7 |  43.8
        D:2 |      47 |       0 |   0.0 |      15 |       0 |   0.0
        D:3 |       9 |       0 |   0.0 |       4 |       0 |   0.0
            +---------+---------+-------+---------+---------+-------

Levels and vault maps discovered:
D:1:      erik_arrival_triangle_medium, layout_rooms, minmay_rat_gold_closets
D:2:      layout_basic, first_ration
D:3:      layout_basic, grunt_temple_overflow_octagram,
          makhleb_blood_cavern_becter

Table legend:
 A = Turns spent in this place as a percentage of turns spent in the entire game.
 B = Non-inter-level travel turns spent in this place as a percentage of non-inter-level travel turns spent in the entire game.
 C = Inter-level travel turns spent in this place as a percentage of turns spent in this place.
 D = Turns resting spent in this place as a percentage of non-inter-level travel turns spent in this place.
 E = Turns spent auto-exploring this place as a percentage of non-inter-level travel turns spent in this place.
 F = Non-inter-level travel turns spent in this place divided by the number of levels of this place that you've seen.
                   A       B       C       D       E      F
               +-------+-------+-------+-------+-------+----------------------
         Total | 100.0 | 100.0 |   2.0 |  28.9 |  56.5 | 622.0
       Dungeon | 100.0 | 100.0 |   2.0 |  28.9 |  56.5 | 622.0
               +-------+-------+-------+-------+-------+----------------------

Table legend:
 A = Kills in this place as a percentage of kills in entire the game.
 B = Kills by you in this place as a percentage of kills by you in the entire game.
 C = Kills by friends in this place as a percentage of kills by friends in the entire game.
 D = Other kills in this place as a percentage of other kills in the entire game.
 E = Experience gained in this place as a percentage of experience gained in the entire game.
 F = Experience gained in this place divided by the number of levels of this place that you have seen.
                   A       B       C       D       E      F
               +-------+-------+-------+-------+-------+----------------------
         Total | 100.0 | 100.0 |   N/A |   N/A | 100.0 |  26.3
       Dungeon | 100.0 | 100.0 |   N/A |   N/A | 100.0 |  26.3
               +-------+-------+-------+-------+-------+----------------------
